 Dungeon Crawl Stone Soup version 0.15.0-34-g666c3a1 (webtiles) character file.

116 Rhoefr the Slasher (level 4, -4/36 HPs)
             Began as a Draconian Warper on Sept 15, 2014.
             Killed by divine providence
             ... invoked by an orc priest
              (11 damage)
             ... on Level 3 of the Dungeon.
             The game lasted 00:10:58 (3329 turns).

Rhoefr the Slasher (Draconian Warper)               Turns: 3329, Time: 00:10:58

HP  -4/36        AC  6     Str 13      XL: 4   Next: 69%
MP   1/7         EV 12     Int 14      God:
Gold 104         SH  0     Dex 11      Spells:  3 memorised,  2 levels left

rFire  . . .     SeeInvis .     a - +0 falchion
rCold  . . .     Clarity  .     (armour unavailable)
rNeg   . . .     rCorr    .     (no shield)
rPois  .         rRot     .     (helmet restricted)
rElec  .         Spirit   .     (no cloak)
SustAb .         Warding  .     (no gloves)
rMut   .         Stasis   .     g - +0 pair of boots
Gourm  .                        (no amulet)
MR     .....                    (no ring)
                                (no ring)

@: very slightly contaminated, drained, not resistant to hostile enchantments,
very unstealthy
A: unfitting armour, cold-blooded, AC +5
a: no special abilities


You were on level 3 of the Dungeon.
You were not hungry.

You visited 1 branch of the dungeon, and saw 3 of its levels.

You collected 104 gold pieces.

Inventory:

Hand weapons
 a - a +0 falchion (weapon)
Missiles
 e - 5 tomahawks of dispersal (quivered)
Armour
 g - a +0 pair of boots (worn)
Comestibles
 f - a bread ration
 i - a slice of pizza
 j - a meat ration
 q - a chunk of jackal flesh
 r - a chunk of jackal flesh
Scrolls
 d - a scroll of blinking
Potions
 b - a potion of brilliance {unknown}
 h - a potion of invisibility {unknown}
 k - a potion of curing
 l - a potion of cure mutation {unknown}
 m - a potion of haste {unknown}
 n - a potion of magic {unknown}
 o - a potion of heal wounds {unknown}
Books
 c - a book of Spatial Translocations

   Spells                             Type                      Level
   *Apportation                       Translocation                1
   *Blink                             Translocation                2
   *Shroud of Golubria                Charms/Translocation         2
   Portal Projectile                  Translocation                3
   Teleport Other                     Translocation                3
   Passage of Golubria                Translocation                4


   Skills:
 - Level 2.1 Fighting
 + Level 5.0(4.8) Long Blades
 - Level 0.8(0.7) Throwing
 - Level 2.1(2.0) Dodging
 - Level 2.0(1.9) Spellcasting
 - Level 3.0(2.9) Translocations


You had 2 spell levels left.
You knew the following spells:

 Your Spells              Type           Power        Failure   Level  Hunger
a - Apportation           Tloc           #.........   10%         1    ##.....
b - Blink                 Tloc           N/A          14%         2    ###....
s - Shroud of Golubria    Chrm/Tloc      #.........   24%         2    ###....


Dungeon Overview and Level Annotations

Branches:
Dungeon (3/15)

Altars:
Elyvilon
Makhleb
Okawaru
Trog


Innate Abilities, Weirdness & Mutations

Your plain brown scales are hard (AC +5).
Your body does not fit into most forms of armour.
Your cold-blooded metabolism reacts poorly to cold.


Message History

You miscast Blink.
You are very lightly contaminated with residual magic.
You spin around.
The orc hits you. The orc priest hits you with a flail.
* * * LOW HITPOINT WARNING * * *
Unknown command.
Casting: Blink
Confirm with . or Enter, or press ? or * to list all spells.
You miscast Blink.
Nothing appears to happen.
The orc misses you. The orc barely misses you.
The orc wizard mumbles some strange words.
The orc wizard seems to speed up.
The orc priest hits you with a flail.
* * * LOW HITPOINT WARNING * * *
The orc barely misses you. The orc barely misses you.
The orc priest's eyes start to glow.
The orc wizard gestures wildly while chanting.
The orc wizard blinks!
The orc priest mumbles some strange prayers to Beogh against you.
Something smites you!
You die...

#.......####..#
#.......####..######
#.#......)......[...[.
##.#...#.####..######
##.###..####......######
## #.#.##.............#
#.##.##.#.####.####.#
####...........#
##.@.#.#.###..#
#..o..o#.# #..#
#........# #..#
#.o§..#### #..#
##.o.#######..#
#..o...oog..o#
#.#.########.#####.
#.#.# #........... #.#.#
#.........##.


You could see an orc priest, an orc wizard and 3 orcs.

Vanquished Creatures
  3 adders
  4 worms
  2 giant geckos
  An orc (D:3)
  A ball python (D:2)
  4 giant cockroaches
  7 hobgoblins
  7 jackals
  8 kobolds
  A quokka (D:3)
  7 bats
  4 giant newts
  9 goblins
  4 rats
62 creatures vanquished.

Notes
Turn   | Place    | Note
--------------------------------------------------------------
     0 | D:1      | Rhoefr, the Draconian Warper, began the quest for the Orb.
     0 | D:1      | Reached XP level 1. HP: 17/17 MP: 3/3
   342 | D:1      | Reached XP level 2. HP: 24/24 MP: 4/4
   346 | D:1      | Learned a level 2 spell: Blink
   349 | D:1      | Learned a level 2 spell: Shroud of Golubria
   958 | D:1      | Reached XP level 3. HP: 27/29 MP: 6/6
  1545 | D:2      | Reached skill level 4 in Long Blades
  1851 | D:2      | Found an iron altar of Okawaru.
  1930 | D:2      | Found a burning altar of Makhleb.
  2238 | D:2      | Reached XP level 4. HP: 36/36 MP: 5/7
  2258 | D:2      | Found a white marble altar of Elyvilon.
  2999 | D:3      | Found a bloodstained altar of Trog.
  3290 | D:3      | Reached skill level 5 in Long Blades
  3329 | D:3      | Killed from afar by an orc priest

Action                   |  1- 3 |  4- 6 || total
-------------------------+-------+-------++-------
Melee: Falchion          |   181 |    91 ||   272
 Cast: Shroud of Golubri |     6 |     5 ||    11
       Blink             |       |     2 ||     2
  Use: Scroll            |     6 |     1 ||     7
       Potion            |       |     1 ||     1
 Stab: Sleeping          |       |     1 ||     1
  Eat: Chunk             |     5 |     4 ||     9
